 Dungeon Crawl Stone Soup version 0.28.0-55-gcd9437bce4 (webtiles) character file.

Game seed: 2264605820756967350

109491 tkbsonic5 the Nimble (level 17, 0/122 (123) HPs)
             Began as a Djinni Warper on Jan 1, 2023.
             Was a High Priest of Nemelex Xobeh.
             Slain by a seven-headed hydra (10 damage)
             ... on level 2 of the Swamp on Jan 14, 2023.
             The game lasted 03:47:24 (36493 turns).

tkbsonic5 the Nimble (Djinni Warper)               Turns: 36493, Time: 03:47:26

HP:   0/122 (123)   AC:  9    Str: 12    XL:     17   Next: 7%
Gold: 54            EV: 21    Int: 19    God:    Nemelex Xobeh [*****.] SH: 11 Dex: 15

rFire   + + +      SeeInvis .   g - staff of earth
rCold   . . .      Faith    .   s - +0 kite shield
rNeg    + + .      Spirit   .   c - +2 robe {Archmagi}
rPois   ∞          Reflect  .   S - +0 helmet
rElec   .          Harm     .   F - scarf {rC+ rF+}
rCorr   .          Rampage  .   C - +2 pair of gloves
Will    ++++.      Archmagi +   (boots unavailable)
Stlth   ++........ Clarity  +   X - amulet of the Four Winds {rN+ Will+++ Clar}
HPRegen 0.30/turn               t - +4 ring of evasion
MPRegen 0.00/turn               N - ring of positive energy

@: flying, hasted, lightly drained, very quick
A: sickness immunity, fire resistance 2, cold vulnerability 1, float, innate
caster, HP casting, extra vitality 1
a: Renounce Religion, Draw Escape, Draw Destruction, Draw Summoning, Triple
Draw, Deal Four, Stack Five


You were on level 2 of the Swamp.
You worshipped Nemelex Xobeh.
Nemelex Xobeh was extremely pleased with you.
You visited 4 branches of the dungeon, and saw 25 of its levels.

You collected 1824 gold pieces.
You spent 1770 gold pieces at shops.

Inventory:

Hand Weapons
 a - a +0 trident of freezing
 o - a +3 trident of draining
 A - a +0 antimagic demon trident
Missiles
 k - 32 boomerangs
 n - 6 throwing nets
 z - 13 curare-tipped darts
 D - 6 atropa-tipped darts
 K - 52 poisoned darts
Armour
 c - a +2 robe of the Archmagi (worn)
 e - a +1 troll leather armour
 f - an orb of wrath
 h - a +2 scale mail of fire resistance
 l - a +2 robe of resistance
 q - a +2 buckler
 s - a +0 kite shield (worn)
 v - a +0 cloak
 C - a +2 pair of gloves (worn)
 F - a scarf of resistance (worn)
 G - a +3 leather armour
 S - a +0 helmet (worn)
Magical Staves
 g - a staff of earth (weapon)
 r - a staff of cold
Jewellery
 t - a +4 ring of evasion (left hand)
 u - a ring of fire
 w - a ring of fire
 N - a ring of positive energy (right hand)
 P - a ring of protection from cold
 U - a +6 ring of strength
 X - the amulet of the Four Winds (around neck) {rN+ Will+++ Clar}
   (You found it on level 14 of the Dungeon)

   [amulet of nothing]

   rN:        It protects you from negative energy.
   Clar:      It protects you against confusion.
   Will:      It greatly increases your willpower.
Wands
 m - a wand of digging (17)
 x - a wand of polymorph (9)
Scrolls
 y - a scroll of immolation
 R - 6 scrolls of identify
Potions
 B - 3 potions of berserk rage
 H - a potion of cancellation


   Skills:
 * Level 11.7 Fighting
 - Level 2.6 Short Blades
 - Level 9.2(9.4) Polearms
 + Level 2.5(6.9) Staves
 - Level 2.9 Throwing
 + Level 8.8 Armour
 + Level 12.6 Dodging
 - Level 1.5 Stealth
 + Level 8.1 Shields
 * Level 10.6 Spellcasting
 + Level 10.8 Invocations
 - Level 4.4 Evocations


You couldn't memorise any spells.
You knew the following spells:

 Your Spells              Type           Power      Damage    Failure   Level
a - Blink                 Tloc           100%       N/A       1%          2
b - Lesser Beckoning      Tloc           66%        N/A       1%          3
c - Gell's Gravitas       Tloc           66%        N/A       1%          3
d - Teleport Other        Tloc           66%        N/A       1%          3
e - Manifold Assault      Tloc           66%        N/A       6%          5
f - Freeze                Ice            100%       1d11      1%          1
g - Wereblood             Tmut           66%        N/A       1%          2
h - Spider Form           Tmut/Pois      66%        N/A       1%          3
i - Mephitic Cloud        Conj/Pois/Air  66%        N/A       1%          3
j - Leda's Liquefaction   Hex/Erth       42%        N/A       2%          4
k - Borgnjor's Vile Clut  Necr/Erth      42%        N/A       6%          5
l - Conjure Ball Lightni  Conj/Air       33%        3x3d11    32%         6
m - Iron Shot             Conj/Erth      42%        9d8       32%         6
Your spell library was empty.

Dungeon Overview and Level Annotations

Branches:
Dungeon (15/15)            Temple (0/1) D:5            Lair (6/6) D:8
  Swamp (2/4) Lair:4        Snake (0/4) Lair:2        Slime (0/5) Lair:6
    Orc (2/2) D:11            Elf (0/3) Orc:2        Vaults (0/5) D:13
 Depths (0/4) D:15

Altars:
Ashenzari
Dithmenos
Elyvilon
Fedhas
Hepliaklqana
Kikubaaqudgha
Nemelex Xobeh
Ru
Sif Muna
Trog
Uskayaw
Vehumet
Xom
The Shining One
Beogh
Jiyva

Shops:
D:1 ?   D:4 ?   D:5 *   D:9 *   D:13 :   Orc:2 !*:[(

Portals:
Abyss: D:13
Pandemonium: Orc:2

Annotations:
D:10 exclusion: ice statue
D:13 2 transporters, tkbsonic5's ghost, novice FeSu
D:14 3 runed translucent doors, Pios Xaciraj's ghost, journeyman DgWz
Lair:4 3 runed translucent doors, HunfridMar's ghost, journeyman DECj
Swamp:2 Nikola


Innate Abilities, Weirdness & Mutations

You are immune to sickness and miasma.
You are immune to poison.
Your flesh is very heat resistant. (rF++)
You are vulnerable to cold. (rC-)
You float through the air rather than walking.
You learn spells naturally, not from books.
Your magical power is your life essence.
You have superior vitality. (+4 MHP)


Message History

Nikola mumbles some strange words.
Lightning arcs from Nikola's hands!
The bolt of lightning hits Nikola!
A bolt of lightning appears from out of your range of vision.
You hear a shout!
You hear a chilling moan.
You feel yourself speed up.
A seven-headed hydra comes into view.
Nikola asks, "Are you insulated?"
As you read the scroll of teleportation, it crumbles to dust.
You feel strangely unstable.
The seven-headed hydra roars!
Nikola gestures wildly while chanting.
Nikola blinks!
Your surroundings suddenly seem different.
Found a scroll of identify.
Nikola shouts!
Okay, then.
Okay, then.
Okay, then.
Casting: Blink (safe; 1% risk of failure)
Confirm with . or Enter, or press ? or * to list all spells.
Okay, then.
A tyrant leech comes into view.
You see here a scroll of identify.
The will-o-the-wisp gives a chilling moan.
An alligator comes into view.
Your magical contamination has completely faded away.
The alligator puts on a burst of speed!
Casting: Blink (safe; 1% risk of failure)
Confirm with . or Enter, or press ? or * to list all spells.
You feel a surge of power!
You blink.
* * * LOW HITPOINT WARNING * * *
The shambling mangrove barely misses you.
You block the alligator's attack. x2
The seven-headed hydra bites you but does no damage.
The seven-headed hydra bites you.
* * * LOW HITPOINT WARNING * * *
The seven-headed hydra closely misses you.
The seven-headed hydra bites you!
You die...
Your body glows slightly and disappears.

♣..≈≈≈≈≈≈≈♣≈.♣ ♣♣.≈≈≈§≈≈..♣♣
♣≈≈≈§♣≈≈♣≈≈≈.♣ ♣.♣≈..≈≈≈≈≈.♣
♣.♣≈≈≈≈≈≈≈≈§≈♣♣♣♣.≈.≈≈.≈...♣
≈≈≈≈>§≈≈♣≈♣≈≈♣≈≈≈≈≈?≈≈≈.♣♣♣
≈≈..♣.≈≈≈≈≈≈≈≈≈≈≈≈.≈≈..≈§♣
.≈.♣♣.≈§≈≈≈≈≈≈♣...≈≈≈≈.♣≈♣
..$ ♣.≈§≈≈≈§≈...≈≈D.≈w..♣♣
.≈ ♣≈≈≈≈♣≈...≈§♣D@v≈≈.♣♣
♣≈.≈....≈♣≈.@t≈.≈w.♣
♣≈§♣♣♣♣.≈....f≈D.....≈ ♣.≈
♣♣≈♣♣♣♣≈≈≈.♣♣.≈. .≈. ♣. ♣≈≈.
♣♣≈......♣♣.≈ ♣. ♣♣≈♣♣
♣♣.?.....♣. ♣ ♣♣.≈≈..>.≈.♣
≈♣ ♣.≈≈≈≈≈..≈.♣♣≈♣♣
♣.≈≈≈≈≈≈≈≈≈≈.≈.♣
♣.≈≈≈≈≈≈≈°≈.≈≈♣.≈


You could see Nikola, a shambling mangrove, an alligator (swift), a seven-headed
hydra, a five-headed hydra, a swamp dragon, a tyrant leech, a will-o-the-wisp
and a swamp worm.

Vanquished Creatures
  An azure jelly (Orc:2)
  A yaktaur captain (D:13)
  A boulder beetle (Lair:6)
  2 catoblepae
  Harold (D:8)
  11 hydras
  2 demonspawn (Orc:2)
  4 centaur warriors
  3 two-headed ogres
  An alligator (Lair:4)
  A deep troll shaman (Lair:6)
  6 death yaks
  5 orc high priests (Orc:2)
  Urug (Lair:4)
  Sonja (D:11)
  A goliath frog (Swamp:1)
  A steelbarb worm (Orc:2)
  A spriggan druid (Swamp:1)
  A bog body (Swamp:1)
  A swamp dragon (Swamp:1)
  4 orc knights (Orc:2)
  A wolf spider zombie (D:15)
  Pikel (D:6)
  7 orc sorcerers
  3 deep elf pyromancers
  6 ugly things
  2 cyclopes (D:15)
  3 manticores
  A necromancer (D:15)
  A faun (Orc:2)
  3 naga magi (D:15)
  Joseph (D:7)
  5 black mambas
  3 centaur zombies
  15 elephants (Lair:6)
  5 cane toads
  A torpor snail (Lair:4)
  A gargoyle (D:12)
  A kobold demonologist (D:11)
  An unseen horror (D:12)
  9 komodo dragons
  4 rime drakes
  6 ice devils
  A yaktaur (D:13)
  A harpy zombie (D:15)
  6 trolls
  A polar bear (Lair:1)
  7 hornets
  4 tyrant leeches (Lair:4)
  2 wind drakes
  4 slime creatures (D:14)
  A snapping turtle (D:13)
  12 dream sheep
  A vampire (D:10)
  3 shadows
  3 spriggans (Swamp:1)
  A fire elemental (D:14)
  3 wyverns
  5 wraiths (D:13)
  26 yaks
  A golden eye (shapeshifter) (D:13)
  4 basilisks
  A steam dragon (D:8)
  11 vampire mosquitoes
  A naga (Lair:2)
  3 swamp worms (Swamp:1)
  4 wargs (Orc:2)
  8 water moccasins
  A hornet zombie (D:15)
  2 swamp drakes
  8 sky beasts
  18 orc warriors
  2 black bears (Lair:6)
  2 ice beasts
  4 ogres
  A necrophage (D:5)
  A boggart (Lair:2)
  19 wolves
  2 phantoms (D:5)
  12 centaurs
  2 lemures (D:6)
  4 gnoll sergeants
  8 kobold brigands
  10 bullfrogs
  A scorpion (D:6)
  A wyvern skeleton (D:7)
  6 killer bees
  8 wights
  5 electric eels
  3 howler monkeys
  A lava snake (D:14)
  A jelly (D:8)
  3 hounds
  A bullfrog skeleton (D:6)
  18 orc priests
  A centaur skeleton (D:5)
  3 gnoll shamans
  4 iguanas
  15 orc wizards
  6 hell rats (Lair:6)
  A howler monkey zombie (D:9)
  27 gnolls
  6 adders
  2 shadow imps (D:11)
  6 ufetubi (D:10)
  5 worms
  A dart slug (D:3)
  58 orcs
  6 endoplasms
  2 giant cockroaches (D:3)
  3 goblins
  6 hobgoblins
  12 jackals
  38 kobolds
  A quokka (D:5)
  4 ball pythons
  3 bats
  3 frilled lizards
  5 kobold skeletons (D:11)
  11 kobold zombies (D:11)
  6 rats
  2 bushes (Lair:6)
625 creatures vanquished.

Vanquished Creatures (collateral kills)
  A quicksilver ooze (Lair:1)
  A broodmother (Lair:4)
  A hydra (Lair:6)
  A boulder beetle (D:12)
  A death yak (Lair:5)
  A two-headed ogre (D:10)
  A soul eater (Orc:2)
  An orc knight (Orc:2)
  A will-o-the-wisp (Lair:4)
  A rust devil (Orc:2)
  A smoke demon (Orc:2)
  2 komodo dragons (Lair:1)
  2 rime drakes
  A hellwing (Orc:2)
  2 dream sheep (Lair:2)
  A spriggan (Swamp:1)
  A shadow (D:10)
  A wraith (D:13)
  2 basilisks
  A human (Lair:1)
  9 yaks
  2 water moccasins (Lair:5)
  10 orc warriors
  A sky beast (D:10)
  3 centaurs (D:11)
  2 tengu
  An ogre (D:5)
  A wolf (Lair:2)
  A phantom (D:5)
  An electric eel (D:10)
  A wight (D:10)
  4 orc priests (Orc:2)
  3 hounds (D:5)
  2 orc wizards (D:6)
  6 gnolls (D:5)
  An ufetubus (D:5)
  8 orcs
  4 jackals (D:5)
84 creatures vanquished.

Vanquished Creatures (others)
  A will-o-the-wisp (Swamp:2)
  A black bear (D:5)
  A centaur (D:11)
  A howler monkey (D:5)
  2 gnolls (D:5)
  3 ball lightnings (Lair:4)
  14 foxfires
  22 fungi
  91 plants
136 creatures vanquished.

Grand Total: 845 creatures vanquished

Notes
Turn   | Place    | Note
-------+----------+-------------------------------------------
     0 | D:1      | tkbsonic5 the Djinni Warper began the quest for the Orb.
     0 | D:1      | Reached XP level 1. HP: 18/18 MP: 0/0
   299 | D:1      | Reached XP level 2. HP: 23/23 MP: 0/0
   386 | D:1      | Found Ceogij's Magic Scroll Emporium.
  1167 | D:2      | Reached XP level 3. HP: 22/29 MP: 0/0
  1167 | D:2      | Learned a level 1 spell: Freeze
  1678 | D:2      | Found a faded altar of an unknown god.
  1751 | D:2      | Reached XP level 4. HP: 24/34 MP: 0/0
  2003 | D:3      | Reached skill level 3 in Dodging
  2579 | D:3      | Found a white marble altar of Elyvilon.
  2579 | D:3      | Found a sparkling altar of Nemelex Xobeh.
  2631 | D:3      | Became a worshipper of Nemelex Xobeh the Trickster
  3522 | D:4      | Reached XP level 5. HP: 40/40 MP: 0/0
  3522 | D:4      | Learned a level 2 spell: Wereblood
  4189 | D:4      | Found Vouhosung's Magic Scroll Shoppe.
  4204 | D:4      | Reached * piety under Nemelex Xobeh
  4235 | D:4      | Noticed an ogre
  4237 | D:4      | Killed an ogre
  4238 | D:4      | Reached skill level 1 in Staves
  4238 | D:4      | Reached skill level 1 in Throwing
  4238 | D:4      | Reached skill level 1 in Evocations
  4238 | D:4      | Reached XP level 6. HP: 46/46 MP: 0/0
  4293 | D:4      | Found a glowing golden altar of the Shining One.
  4595 | D:4      | Bought a scroll of enchant armour for 105 gold pieces
  4595 | D:4      | Bought a scroll of teleportation for 42 gold pieces
  4595 | D:4      | Bought a scroll of teleportation for 42 gold pieces
  4595 | D:4      | Bought a scroll of fear for 49 gold pieces
  4646 | D:5      | Entered Level 5 of the Dungeon
  4674 | D:5      | Noticed a water moccasin
  4683 | D:5      | Noticed an ogre
  4684 | D:5      | Noticed a black bear
  4690 | D:5      | Killed an ogre
  4691 | D:5      | Reached skill level 1 in Invocations
  4701 | D:5      | Killed a water moccasin
  4702 | D:5      | Reached XP level 7. HP: 50/50 MP: 0/0
  4702 | D:5      | Learned a level 3 spell: Spider Form
  4711 | D:5      | Reached skill level 4 in Dodging
  5253 | D:5      | Reached XP level 8. HP: 58/58 MP: 0/0
  5951 | D:5      | Received a gift from Nemelex Xobeh
  5959 | D:5      | Found Biloz's Neck Hole.
  5963 | D:5      | Reached skill level 1 in Shields
  6188 | D:5      | Reached skill level 1 in Polearms
  6188 | D:5      | Reached skill level 5 in Dodging
  6463 | D:5      | Reached XP level 9. HP: 58/63 MP: 0/0
  6463 | D:5      | Learned a level 3 spell: Mephitic Cloud
  7085 | D:5      | Reached skill level 5 in Fighting
  7384 | D:5      | Found a staircase to the Ecumenical Temple.
  8107 | D:6      | Received a gift from Nemelex Xobeh
  8147 | D:6      | Reached ** piety under Nemelex Xobeh
  8676 | D:6      | Noticed Pikel
  8686 | D:6      | Killed Pikel
  8687 | D:6      | Reached skill level 6 in Dodging
  8687 | D:6      | Reached XP level 10. HP: 60/72 MP: 0/0
  9214 | D:7      | Found a hazy altar of Hepliaklqana.
  9403 | D:7      | Noticed Joseph
  9433 | D:7      | Killed Joseph
  9722 | D:8      | Noticed Harold
  9722 | D:8      | Noticed a two-headed ogre
  9808 | D:8      | Reached skill level 5 in Spellcasting
 10003 | D:8      | Reached skill level 1 in Stealth
 10163 | D:8      | Noticed a komodo dragon
 10400 | D:8      | Killed a komodo dragon
 10575 | D:8      | Killed Harold
 10576 | D:8      | Reached skill level 7 in Dodging
 10576 | D:8      | Reached skill level 5 in Invocations
 10576 | D:8      | Reached XP level 11. HP: 77/77 MP: 0/0
 10576 | D:8      | Learned a level 4 spell: Leda's Liquefaction
 10658 | D:8      | Killed a two-headed ogre
 10833 | D:8      | Found a staircase to the Lair.
 10991 | D:9      | Reached *** piety under Nemelex Xobeh
 10991 | D:9      | Received a gift from Nemelex Xobeh
 12050 | D:9      | Found a sacrificial altar of Ru.
 12054 | D:9      | Found Aribory's General Store.
 12062 | D:9      | Bought 2 potions of curing for 72 gold pieces
 12062 | D:9      | Bought a scroll of teleportation for 36 gold pieces
 12062 | D:9      | Bought a potion of cancellation for 96 gold pieces
 12118 | D:9      | Found a blossoming altar of Fedhas.
 12119 | D:9      | Found a broken altar of Ashenzari.
 12120 | D:9      | Found a bloodstained altar of Trog.
 12248 | D:10     | Entered Level 10 of the Dungeon
 13299 | D:10     | Reached skill level 8 in Dodging
 13392 | D:10     | Noticed a two-headed ogre
 13403 | D:10     | Killed a two-headed ogre
 13510 | D:10     | Found a hide-covered altar of Uskayaw.
 13510 | D:10     | Noticed a +0 dagger
 13510 | D:10     | Noticed a +0 hand axe
 13543 | D:11     | Found a staircase to the Orcish Mines.
 13563 | D:11     | Reached skill level 5 in Polearms
 13563 | D:11     | Reached XP level 12. HP: 85/85 MP: 0/0
 13817 | D:11     | Received a gift from Nemelex Xobeh
 13927 | D:11     | Noticed Sonja
 13935 | D:11     | Identified the +5 war axe of Urikloso {speed, rF+ Dex+2}
 13956 | D:11     | Killed Sonja
 13957 | D:11     | Reached skill level 5 in Armour
 13957 | D:11     | Reached skill level 5 in Shields
 15656 | Lair:1   | Entered Level 1 of the Lair of Beasts
 15744 | Lair:1   | Reached **** piety under Nemelex Xobeh
 15792 | Lair:1   | Received a gift from Nemelex Xobeh
 15936 | Lair:1   | Noticed a four-headed hydra
 15938 | Lair:1   | Noticed a quicksilver ooze
 15938 | Lair:1   | a four-headed hydra changed into a quicksilver ooze
 15947 | Lair:1   | Killed a quicksilver ooze
 16185 | Lair:1   | Reached skill level 9 in Dodging
 17123 | Lair:2   | Received a gift from Nemelex Xobeh
 17136 | Lair:2   | Reached XP level 13. HP: 91/93 MP: 0/0
 17136 | Lair:2   | Learned a level 5 spell: Borgnjor's Vile Clutch
 17238 | Lair:2   | Found a staircase to the Snake Pit.
 17670 | Lair:2   | Received a gift from Nemelex Xobeh
 17672 | Lair:2   | Found a shimmering altar of Xom.
 18257 | Lair:3   | Received a gift from Nemelex Xobeh
 18276 | Lair:3   | Reached ***** piety under Nemelex Xobeh
 18700 | Lair:3   | Noticed a six-headed hydra
 18704 | Lair:3   | Killed a six-headed hydra
 18713 | Lair:3   | Noticed an eight-headed hydra
 18715 | Lair:3   | Killed an eight-headed hydra
 18811 | Lair:3   | Reached XP level 14. HP: 101/101 MP: 0/0
 19242 | Lair:4   | Received a gift from Nemelex Xobeh
 19242 | Lair:4   | Found a staircase to the Swamp.
 19754 | Lair:4   | Noticed a broodmother
 19754 | Lair:4   | a boulder beetle changed into a broodmother
 19793 | Lair:4   | Killed a broodmother
 19799 | Lair:4   | Noticed Urug
 19811 | Lair:4   | Killed Urug
 20145 | Lair:4   | Found a runed translucent gate.
 20145 | Lair:4   | Found a runed translucent gate.
 20145 | Lair:4   | Found a runed translucent gate.
 20146 | Lair:4   | Noticed an azure jelly
 20146 | Lair:4   | Noticed an azure jelly
 20147 | Lair:4   | Noticed an acid blob
 20149 | Lair:4   | Noticed an azure jelly
 20149 | Lair:4   | Noticed HunfridMar's ghost (journeyman DECj)
 20150 | Lair:4   | Noticed an acid blob
 20150 | Lair:4   | Noticed an azure jelly
 20150 | Lair:4   | Noticed an azure jelly
 20151 | Lair:4   | Noticed an acid blob
 20152 | Lair:4   | Found a viscous altar of Jiyva.
 20469 | Lair:5   | Received a gift from Nemelex Xobeh
 20499 | Lair:5   | Reached skill level 10 in Dodging
 21569 | Lair:5   | Received a gift from Nemelex Xobeh
 21807 | Lair:6   | Entered Level 6 of the Lair of Beasts
 22056 | Lair:6   | Reached XP level 15. HP: 97/107 MP: 0/0
 22056 | Lair:6   | Learned a level 6 spell: Conjure Ball Lightning
 22151 | Lair:6   | Found a staircase to the Slime Pits.
 22152 | Lair:6   | Found a viscous altar of Jiyva.
 22390 | Lair:6   | Reached skill level 10 in Fighting
 23197 | Lair:6   | Received a gift from Nemelex Xobeh
 24224 | Lair:6   | Reached skill level 11 in Dodging
 25621 | D:10     | Received a gift from Nemelex Xobeh
 25811 | D:10     | Found a shadowy altar of Dithmenos.
 26754 | D:12     | Received a gift from Nemelex Xobeh
 27211 | D:13     | Found Ruohyiwo's Book Shop.
 27412 | D:1      | Bought a scroll of acquirement for 728 gold pieces
 27412 | D:1      | Acquired a +0 antimagic demon trident
 27713 | D:13     | Noticed tkbsonic5's ghost (novice FeSu)
 27768 | D:13     | Found a transporter.
 27775 | D:13     | Found a one-way gate to the infinite horrors of the Abyss.
 27805 | D:13     | Found a transporter.
 27915 | D:13     | Received a gift from Nemelex Xobeh
 27977 | D:13     | Found a gate to the Vaults.
 28089 | D:13     | Noticed Josephine
 28096 | D:13     | Noticed Josephine
 28096 | D:13     | Josephine changed into Josephine the snapping turtle
 28098 | D:13     | Killed Josephine the snapping turtle
 28189 | D:13     | Reached ****** piety under Nemelex Xobeh
 28189 | D:13     | Received a gift from Nemelex Xobeh
 28247 | D:13     | You are sucked into a shaft and drop 2 floors!
 28247 | D:15     | Entered Level 15 of the Dungeon
 28300 | D:14     | Reached XP level 16. HP: 105/115 MP: 0/0
 28312 | D:14     | Reached skill level 10 in Spellcasting
 28588 | D:14     | Received a gift from Nemelex Xobeh
 28685 | D:14     | Found the amulet of the Four Winds {rN+ Will+++ Clar}
 28912 | D:14     | Found a runed translucent gate.
 28912 | D:14     | Found a runed translucent gate.
 28912 | D:14     | Found a runed translucent gate.
 28913 | D:14     | Noticed Pios Xaciraj's ghost (journeyman DgWz)
 29124 | D:15     | Reached skill level 10 in Invocations
 29387 | D:15     | Received a gift from Nemelex Xobeh
 30218 | D:15     | Found a staircase to the Depths.
 30371 | Orc:1    | Entered Level 1 of the Orcish Mines
 30769 | Orc:2    | Entered Level 2 of the Orcish Mines
 30769 | Orc:2    | Found Negopp's Antique Weapon Shoppe.
 30908 | Orc:2    | Reached skill level 12 in Dodging
 31104 | Orc:2    | Found Taenapaygim's Distillery.
 31107 | Orc:2    | Found Hyonuon's General Store.
 31603 | Orc:2    | Noticed an azure jelly
 31603 | Orc:2    | an orc warlord changed into an azure jelly
 31609 | Orc:2    | Killed an azure jelly
 31995 | Orc:2    | Received a gift from Nemelex Xobeh
 32992 | Orc:2    | Found Daungoh's Book Emporium.
 32992 | Orc:2    | Found Somus's Antique Armour Shoppe.
 33000 | Orc:2    | Found a one-way gate leading to the halls of Pandemonium.
 33117 | Orc:2    | Bought 2 potions of haste for 300 gold pieces
 33117 | Orc:2    | Bought a potion of haste for 150 gold pieces
 33117 | Orc:2    | Bought a potion of heal wounds for 75 gold pieces
 33117 | Orc:2    | Bought a potion of heal wounds for 75 gold pieces
 33143 | Orc:2    | Found a staircase to the Elven Halls.
 33582 | Swamp:1  | Entered Level 1 of the Swamp
 35103 | Swamp:1  | Received a gift from Nemelex Xobeh
 35262 | Swamp:1  | Reached XP level 17. HP: 80/123 MP: 0/0
 35262 | Swamp:1  | Learned a level 6 spell: Iron Shot
 36458 | Swamp:1  | You are sucked into a shaft and drop 1 floor!
 36475 | Swamp:2  | Noticed Nikola
 36493 | Swamp:2  | Slain by a seven-headed hydra

Illustrated notes

Levels and vault maps discovered:
D:1:      ebering_trefoil_3fold, layout_basic, serial_shops, shop,
          wad_floor_pattern_untrapped
D:2:      layout_basic, shapermc_ecumenical_altar_petra
D:3:      layout_loops_ring, gammafunk_temple_overflow_claw
D:4:      layout_rooms, lemuel_crystal_altar,
          mainiacjoe_overflow_surrounded_room, serial_shops,
          nicolae_shop_advertising_works [nicolae_subvault_shop_adworks]
D:5:      layout_cave_pools, mainiacjoe_overflow_cross_hatched, temple_hall,
          serial_gnoll_camp, gnoll_camp_mini_loothouse, gnoll_camp_medium_02,
          gnoll_camp_mini_hut, gnoll_camp_huts_moat, st_stairs_14,
          chequers_mini_garden, nicolae_shop_sticking_my_neck_out
D:6:      layout_layer_cave, hangedman_decor_growths, minmay_crystal_water,
          minmay_liquid_box, uniq_pikel
D:7:      layout_rooms, nicolae_overflow_crystal_walls, fountainhead,
          uniq_joseph
D:8:      layout_cave_pools, david_lair_shrubbed, uniq_harold
D:9:      layout_gridville, mainiacjoe_overflow_chevrons,
          chequers_temple_overflow_statue_of_worship, serial_shops, shop
D:10:     cheibrodos_frozen_isle, layout_loops_ring, marbit_many_paths,
          dancing_weapons_uskayaw, serial_bayou, serial_bayou_lagoon_a,
          serial_bayou_pond_d, serial_bayou_pond_b, serial_bayou_ford_a
D:11:     wander_kiku_kobolds, layout_long_grid, orc_0_dummy, uniq_sonja
D:12:     layout_gridville
D:13:     layout_stronghold, david_vaults_2, serial_shops, shop_fountains,
          gammafunk_ghost_abyssal_escape, uniq_josephine
D:14:     layout_rooms, serial_glass, glass_columns_a, glass_columns_c,
          kennysheep_big_empty_room, ebering_ghost_rock_garden
D:15:     grunt_enter_depths_magical_seal, layout_loops_corners,
          serial_bayou_pond_e
Lair:1:   layout_cave_pods, minmay_hedge_maze, beast_lair_carwin_3
Lair:2:   layout_gridlike, minmay_snake_entry_guardpost_small, basic_altar,
          lemuel_fruit_tree, serial_bayou_shore_b
Lair:3:   layout_chaotic_city
Lair:4:   layout_roguey, swamp_mist, gammafunk_ghost_ooze, uniq_urug
Lair:5:   layout_big_grid
Lair:6:   grunt_lair_end_beastmaster, layout_misc_corridors, slime_altar_1,
          grunt_megastairs_1
Swamp:1:  layout_falls_marsh, evilmike_swamp_ruin_house_1,
          infiniplex_staircase_pool_2
Swamp:2:  layout_falls_marsh, nicolae_swamp_ascending_descending_big,
          infiniplex_staircase_pool, uniq_nikola
Orc:1:    layout_caves, basic_altar, serial_shops, shop, nicolae_orc_tapped_out
Orc:2:    pf_orc_diabolical, layout_caves, gauntlet_entry_generic, basic_altar,
          serial_shops, nicolae_shop_trees

Skill      XL: |  1  2  3  4  5  6  7  8  9 10 11 12 13 14 15 16 |
---------------+-------------------------------------------------+-----
Short Blades   | 2 |  2.6
Dodging        | 3 4 5 6 7 8 9 10 11 12 | 12.6
Fighting       | 3 4 5 6 7 8 9 10 11 | 11.7
Staves         | 1 2 |  2.5
Throwing       | 1 2 |  2.9
Spellcasting   | 3 4 5 6 8 9 10 | 10.6
Evocations     | 1 2 3 4 |  4.4
Invocations    | 1 2 4 5 6 7 8 9 10 | 10.8
Armour         | 2 4 6 7 8 |  8.8
Shields        | 1 3 4 5 6 7 8 |  8.1
Polearms       | 1 2 3 5 6 7 8 9 |  9.2
Stealth        | 1 |  1.5

Action                   |  1- 3 |  4- 6 |  7- 9 | 10-12 | 13-15 | 16-18 || total
-------------------------+-------+-------+-------+-------+-------+-------++-------
Melee: Short sword       |    29 |       |       |       |       |       ||    29
       Dagger            |    52 |    81 |    30 |       |       |       ||   163
       Quarterstaff      |       |     9 |       |       |       |       ||     9
       Trident           |       |       |   172 |   767 |   369 |    66 ||  1374
       Rapier            |       |       |    18 |       |       |       ||    18
       Unarmed           |       |       |    17 |    22 |       |       ||    39
       Hand axe          |       |       |       |     5 |       |       ||     5
       Punch             |       |       |       |       |     1 |       ||     1
       Demon trident     |       |       |       |       |     4 |    39 ||    43
       Staff             |       |       |       |       |       |    20 ||    20
Throw: Boomerang         |    13 |    34 |    16 |    13 |       |       ||    76
       Throwing net      |       |       |     2 |     6 |       |       ||     8
       Dart              |       |       |       |     4 |       |       ||     4
 Cast: Blink             |     1 |     2 |     4 |     6 |     1 |    14 ||    28
       Freeze            |     5 |     7 |       |    25 |     1 |     3 ||    41
       Wereblood         |       |     1 |     4 |     7 |     4 |       ||    16
       Mephitic Cloud    |       |       |    25 |    44 |    22 |    18 ||   109
       Teleport Other    |       |       |     1 |    10 |       |     1 ||    12
       Spider Form       |       |       |     1 |     5 |       |       ||     6
       Lesser Beckoning  |       |       |       |     1 |       |       ||     1
       Leda's Liquefacti |       |       |       |     9 |     7 |     4 ||    20
       Gell's Gravitas   |       |       |       |    18 |     3 |     2 ||    23
       Borgnjor's Vile C |       |       |       |       |   171 |   202 ||   373
       Manifold Assault  |       |       |       |       |    62 |    28 ||    90
       Conjure Ball Ligh |       |       |       |       |       |     3 ||     3
Invok: Draw Destruction  |       |       |    10 |    14 |    48 |    22 ||    94
       Draw Escape       |       |       |     3 |     2 |    14 |     6 ||    25
       Draw Summoning    |       |       |     1 |     5 |    11 |     3 ||    20
       Deal Four         |       |       |       |       |     3 |     3 ||     6
       Draw Stack        |       |       |       |       |     5 |     5 ||    10
       Stack Five        |       |       |       |       |     1 |     1 ||     2
Evoke: Wand              |       |     9 |    18 |    15 |    52 |     2 ||    96
  Use: Scroll            |     4 |     6 |     5 |    10 |    12 |    12 ||    49
       Potion            |     2 |       |     9 |     7 |     4 |    13 ||    35
 Stab: Confused          |       |       |    15 |    20 |     4 |     2 ||    41
       Distracted        |       |       |       |     2 |       |       ||     2
       Sleeping          |       |       |       |       |     1 |       ||     1
Armor: Leather armour    |    26 |    12 |    30 |       |       |       ||    68
       Ring mail         |       |     8 |     6 |       |       |       ||    14
       Skin              |       |       |    27 |     3 |       |       ||    30
       Robe              |       |       |       |    89 |    22 |    10 ||   121
       Scale mail        |       |       |       |       |    33 |       ||    33
       Troll leather arm |       |       |       |       |    13 |    23 ||    36
Dodge: Dodged            |    39 |    52 |   136 |   470 |   196 |   109 ||  1002
Block: Buckler           |       |       |    27 |    37 |       |       ||    64
       Kite shield       |       |       |       |   109 |   125 |    87 ||   321
